 Dungeon Crawl Stone Soup version 0.28-a0-1356-g2ad6d04315 (webtiles) character file.

Game seed: 13931357178244328186

273 Shayle the Covert (level 6, -2/78 HPs)
             Began as a Naga Warper on Dec 30, 2021.
             Slain by a water moccasin skeleton (3 damage)
             ... on level 5 of the Dungeon.
             The game lasted 00:13:41 (4474 turns).

Shayle the Covert (Naga Warper)                     Turns: 4474, Time: 00:13:42

Health: -2/78      AC: 15    Str: 14    XL:     6   Next: 23%
Magic:  9/9        EV:  1    Int: 15    God:
Gold:   153        SH:  0    Dex: 10    Spells: 4/9 levels left

rFire   . . .      SeeInvis +   c - +1 hand axe (vamp)
rCold   . . .      Faith    .   o - orb {*channel}
rNeg    . . .      Spirit   .   (armour currently unavailable)
rPois   +          Reflect  .   (helmet currently unavailable)
rElec   .          Harm     .   (cloak currently unavailable)
rCorr   .          Rampage  .   (gloves currently unavailable)
Will    .....      NoTele   +   (no barding)
Stlth   ++++......              k - amulet of magic regeneration
HPRegen 0.23/turn               (no ring)
MPRegen 0.51/turn               (no ring)

@: tree-form, corroded
A: stationary, stasis, torment immunity, boosted hp, AC +2, large, see
invisible, (deformed body), (poison resistance), (slowness 2), spit poison 1,
(naga tail 1)
a: Spit Poison


You were on level 5 of the Dungeon.
You were a tree.
You visited 1 branch of the dungeon, and saw 5 of its levels.

You collected 153 gold pieces.

Inventory:

Hand Weapons
 a - a +0 short sword
 c - a +1 vampiric hand axe (weapon)
 l - a +2 dagger of protection
 m - a +2 short sword of freezing
 q - a +2 hand axe of freezing
Missiles
 j - 5 boomerangs (quivered)
 t - 6 poisoned darts
Armour
 b - a +0 leather armour
 d - the +4 scale mail of Broken Taboos {+Inv rPois rCorr Dex-2}
   (You found it on level 2 of the Dungeon)

   Dex:       It affects your dexterity (-2).
   rPois:     It protects you from poison.
   +Inv:      It lets you turn invisible.
   rCorr:     It protects you from acid and corrosion.
 f - a +0 pair of gloves (melded)
 n - a +2 leather armour of poison resistance (melded)
 o - an orb of energy (worn)
Jewellery
 k - an amulet of magic regeneration (around neck)
Scrolls
 g - 3 scrolls of identify
 h - a scroll of holy word
Potions
 i - a potion of lignification
 p - a potion of ambrosia
 u - a potion of might {unknown}


   Skills:
 - Level 2.0 Fighting
 - Level 2.0 Short Blades
 - Level 0.8 Throwing
 - Level 0.7 Armour
 - Level 1.5 Dodging
 + Level 9.4 Stealth
 - Level 2.0 Spellcasting
 - Level 3.0 Translocations


You had 4 spell levels left.
You knew the following spells:

 Your Spells              Type           Power      Damage    Failure   Level
a - Blink                 Tloc           20%        N/A       10%         2
b - Teleport Other        Tloc           10%        N/A       19%         3

Your spell library contained the following spells:

 Spells                   Type           Power      Damage    Failure   Level
 Gell's Gravitas          Tloc           10%        N/A       19%         3
 Lesser Beckoning         Tloc           10%        N/A       19%         3
 Animate Skeleton         Necr           2%         N/A       22%         1
 Pain                     Necr           4%         1d4       22%         1
 Vampiric Draining        Necr           1%         2d6       54%         3
 Manifold Assault         Tloc           10%        N/A       87%         5


Dungeon Overview and Level Annotations

Branches:
Dungeon (5/15)
 Temple: D:4-7

Altars:

Annotations:
D:3 1 runed translucent door, tonyyikes's ghost, amateur OpAM


Innate Abilities, Weirdness & Mutations

You are a tree.
Your roots penetrate the ground, keeping you stationary.
You cannot be teleported.
You are immune to unholy pain and torment.
Your maximum health is greatly increased.
Your equipment is partially melded.
((Your serpentine skin is tough. (AC +2)))
You have supernaturally acute eyesight. (SInv)
((Armour fits poorly on your strangely shaped body.))
((Your system is resistant to poisons. (rPois)))
((You cover ground very slowly.))
You can spit poison.
((You have a snake-like lower body.))


Message History

Okay, then.
Cast which spell? (? or * to list)
You blink.
An iguana and a phantom come into view.
The iguana hisses angrily.
As you read the scroll of fog, it crumbles to dust.
The scroll dissolves into smoke.
You feel better.
It was a potion of lignification.
You turn into a tree.
Your +0 pair of gloves melds into your body.
Your +2 leather armour of poison resistance melds into your body.
Your roots penetrate the ground.
It was a potion of magic.
Magic courses through your body.
You feel stable enough to blink again.
The water moccasin skeleton bites you but does no damage. x2
You barely miss the jelly.
The jelly is heavily wounded.
You barely miss the water moccasin skeleton.
The jelly hits you but does no damage. The water moccasin skeleton bites you.
* * * LOW HITPOINT WARNING * * *
The jelly hits you but does no damage.
Unknown command.
You hit the jelly but do no damage.
Your branches burn!
* * * LOW HITPOINT WARNING * * *
The jelly is heavily wounded.
You closely miss the iguana. You hit the water moccasin skeleton.
The iguana bites you.
* * * LOW HITPOINT WARNING * * *
The water moccasin skeleton bites you.
* * * LOW HITPOINT WARNING * * *
The jelly hits you but does no damage.
The iguana bites you but does no damage.
The water moccasin skeleton bites you but does no damage.
You hit the jelly but do no damage. The acid corrodes you!
Your branches burn!
* * * LOW HITPOINT WARNING * * *
The jelly is heavily wounded.
You hit the iguana.
You hit the water moccasin skeleton but do no damage.
The water moccasin skeleton bites you.
You die...

# # .......## .# ####
........##.# ....
.........#.# ###
........... #
.......... .....§§§§#
. .....§§l§#> .#
...).§Z♣##.### ...
W...§§§J##...# #.>
.....§§§.# #.########
. ......§§.#
#........# .........#
#......(.#
.....(...###........#
.........##.........#
............#.......#
........####......<#


You could see an iguana, a jelly and a water moccasin skeleton.

Vanquished Creatures
  A water moccasin skeleton (D:4)
  A howler monkey (D:5)
  An orc priest (D:3)
  An orc wizard (D:3)
  3 adders
  A dart slug (D:1)
  20 orcs
  A ball python (D:1)
  7 endoplasms
  6 giant cockroaches
  5 goblins
  12 hobgoblins
  2 quokkas
  3 bats (D:1)
  6 frilled lizards
  7 kobolds
  3 rats (D:1)
80 creatures vanquished.

Notes
Turn   | Place    | Note
-------+----------+-------------------------------------------
     0 | D:1      | Shayle the Naga Warper began the quest for the Orb.
     0 | D:1      | Reached XP level 1. HP: 19/19 MP: 3/3
    25 | D:1      | Reached skill level 1 in Stealth
    29 | D:1      | Reached skill level 2 in Stealth
   197 | D:1      | Reached XP level 2. HP: 23/26 MP: 5/5
   305 | D:1      | Reached skill level 3 in Stealth
  1033 | D:1      | Reached skill level 4 in Stealth
  1151 | D:1      | Reached XP level 3. HP: 21/32 MP: 6/6
  1959 | D:2      | Reached skill level 5 in Stealth
  2024 | D:2      | Reached XP level 4. HP: 39/39 MP: 7/7
  2056 | D:2      | Identified the +4 scale mail of Broken Taboos {+Inv rPois
                  | rCorr Dex-2}
  2223 | D:3      | Found a faded altar of an unknown god.
  2233 | D:3      | Found a runed translucent door.
  2426 | D:4      | Learned a level 2 spell: Blink
  2430 | D:4      | Learned a level 3 spell: Teleport Other
  2447 | D:4      | Reached skill level 6 in Stealth
  2476 | D:4      | Reached skill level 7 in Stealth
  2476 | D:4      | Reached XP level 5. HP: 13/45 MP: 8/8
  2791 | D:5      | Entered Level 5 of the Dungeon
  2794 | D:5      | Reached skill level 8 in Stealth
  2993 | D:5      | Noticed a water moccasin
  3368 | D:3      | Reached skill level 9 in Stealth
  3368 | D:3      | Reached XP level 6. HP: 52/52 MP: 9/9
  3774 | D:3      | Noticed tonyyikes's ghost (amateur OpAM)
  4474 | D:5      | HP: 1/78 [acid (5)]
  4474 | D:5      | Slain by a water moccasin skeleton

Illustrated notes

Levels and vault maps discovered:
D:1:      shiori_shiawase, layout_loops_ring
D:2:      layout_rooms, minmay_goblin_kobold_house
D:3:      layout_basic, hellmonk_ecumenical_altar_run_dry,
          ebering_ghost_reflecting_pool
D:4:      layout_loops_ring, ebering_dispersal_statue_hall
D:5:      layout_rooms, kennysheep_generic_room_3

Skill      XL: |  1  2  3  4  5 |
---------------+----------------+-----
Stealth        | 2 4 5 7 9 |  9.4
Fighting       | |  2.0
Short Blades   | |  2.0
Throwing       | |  0.8
Armour         | |  0.7
Dodging        | |  1.5
Spellcasting   | |  2.0
Translocations | |  3.0

Action                   |  1- 3 |  4- 6 || total
-------------------------+-------+-------++-------
Melee: Short sword       |   107 |     6 ||   113
       Hand axe          |       |   159 ||   159
Throw: Boomerang         |     5 |     2 ||     7
 Cast: Blink             |       |     1 ||     1
 Abil: Spit Poison       |    27 |    15 ||    42
  Use: Potion            |     2 |     5 ||     7
       Scroll            |       |     5 ||     5
 Stab: Sleeping          |     1 |     1 ||     2
Armor: Leather armour    |    35 |    57 ||    92
       Scale mail        |       |    34 ||    34
       Skin              |       |     7 ||     7
Dodge: Dodged            |    72 |    89 ||   161

Table legend: (Time is in decaauts)
 A = Elapsed time spent in this place.
 B = Non-inter-level travel time spent in this place.
 C = Inter-level travel time spent in this place.
 D = Time resting spent in this place.
 E = Time spent auto-exploring this place.
 F = Levels seen in this place.
 G = Mean time per level.
                   A        B        C        D        E       F      G
               +--------+--------+--------+--------+--------+-----+--------+
         Total |   5501 |   5237 |    264 |    910 |   3087 |   5 | 1100.2 |
       Dungeon |   5501 |   5237 |    264 |    910 |   3087 |   5 | 1100.2 |
               +--------+--------+--------+--------+--------+-----+--------+

Top non-repeatable levels by time:
     D:1: 1995 daAuts
     D:4: 1447 daAuts
     D:3: 1112 daAuts
     D:2: 689 daAuts
     D:5: 256 daAuts
